[ AOE2 MATCH · #513599229 ]
UnrankedMalay vs Gurjaras
Player's team · WIN
Rival team · LOSS
[ REPLAY ANALYSIS · EXTRACTED FROM THE RECORDED GAME ]
Feudal
10:40
Castle
19:13
Imperial
—
| APM avg | 84.3 |
| APM peak | 138 |
| eAPM avg | 41.2 |
| Villagers / military | 41 / 20 |
Focus
⚔️ 59.5% · 🌾 40.5%
Skirmisher ×11 · Militia ×8 · Spearman ×1
Feudal
8:25
Castle
—
Imperial
—
| APM avg | 87.2 |
| APM peak | 115 |
| eAPM avg | 30.0 |
| Villagers / military | 51 / 24 |
Focus
⚔️ 38.8% · 🌾 61.2%
Skirmisher ×21 · Archer ×2 · Spearman ×1
Match map
Initial resources + every placement click. Lines = walls · curves = elevation contours. ◆ gold · ⬟ stone · ● berries · ✦ relic · ◌ wall gap
Your base· Open — unwalled flank
repard's base· Open — 7t gap
Smoothed initial terrain · ◌ = detected wall gap · hover for details
Inputs per minute
— TAG_Sitaux - - repard
Build order — TAG_Sitaux
127 actions detected in the replay
| 0:00 | Queue | Villager (Male) |
| 0:00 | Queue | Villager (Male) |
| 0:01 | Build | House |
| 0:02 | Build | House |
| 0:06 | Queue | Villager (Male) |
| 0:06 | Queue | Villager (Male) |
| 1:24 | Queue | Villager (Male) |
| 1:46 | Queue | Villager (Male) |
| 1:57 | Build | Lumber Camp |
| 2:21 | Queue | Villager (Male) |
| 2:47 | Queue | Villager (Male) |
| 3:03 | Queue | Villager (Male) |
| 3:04 | Queue | Villager (Male) |
| 3:30 | Queue | Villager (Male) |
| 3:47 | Build | House |
| 4:01 | Queue | Villager (Male) |
| 4:31 | Build | Barracks |
| 4:40 | Queue | Villager (Male) |
| 4:55 | Queue | Villager (Male) |
| 5:04 | Build | House |
| 5:05 | Build | Palisade Wall |
| 5:19 | Queue | Villager (Male) |
| 5:30 | Queue | Militia |
| 5:35 | Queue | Villager (Male) |
| 5:47 | Queue | Militia |
| 5:58 | Queue | Militia |
| 6:00 | Queue | Villager (Male) |
| 6:24 | Build | Mill |
| 6:27 | Queue | Villager (Male) |
| 6:39 | Queue | Villager (Male) |
| 6:48 | Build | Palisade Wall |
| 6:50 | Build | Palisade Wall |
| 6:54 | Build | House |
| 6:55 | Build | Palisade Wall |
| 7:17 | Build | House |
| 7:18 | Build | Palisade Wall |
| 7:30 | Queue | Villager (Male) |
| 7:40 | Queue | Villager (Male) |
| 8:04 | Queue | Villager (Male) |
| 8:06 | Build | Farm |
| 8:10 | Build | House |
| 8:23 | Queue | Villager (Male) |
| 8:31 | Build | Farm |
| 8:51 | Queue | Villager (Male) |
| 9:08 | Build | Mining Camp |
| 9:10 | Build | Palisade Wall |
| 9:15 | Build | Palisade Wall |
| 9:22 | Research | Feudal Age |
| 9:22 | Research | Feudal Age |
| 9:44 | Queue | Militia |
| 9:44 | Queue | Militia |
| 10:13 | Queue | Militia |
| 10:14 | Queue | Militia |
| 10:14 | Queue | Militia |
| 10:25 | Build | Lumber Camp |
| 10:33 | Queue | Villager (Male) |
| 10:40 | Age | Feudal Age |
| 10:41 | Build | Palisade Wall |
| 10:42 | Research | Man-at-Arms (upgrade) |
| 10:49 | Research | Double-Bit Axe |
| 10:59 | Build | Farm |
| 10:59 | Queue | Villager (Male) |
| 11:12 | Build | Farm |
| 11:16 | Queue | Villager (Male) |
| 11:35 | Queue | Villager (Male) |
| 11:38 | Build | Farm |
| 11:39 | Build | Farm |
| 11:53 | Queue | Villager (Male) |
| 11:57 | Research | Horse Collar |
| 11:58 | Research | Horse Collar |
| 12:05 | Build | Farm |
| 12:23 | Queue | Villager (Male) |
| 12:40 | Queue | Villager (Male) |
| 12:42 | Build | Archery Range |
| 13:09 | Queue | Villager (Male) |
| 13:13 | Build | Farm |
| 13:33 | Queue | Villager (Male) |
| 13:40 | Build | House |
| 13:40 | Build | House |
| 13:41 | Queue | Skirmisher |
| 13:45 | Research | Loom |
| 13:49 | Build | Farm |
| 13:52 | Build | Farm |
| 13:54 | Build | Farm |
| 14:12 | Queue | Skirmisher |
| 14:14 | Queue | Villager (Male) |
| 14:33 | Queue | Skirmisher |
| 14:35 | Queue | Villager (Male) |
| 14:45 | Build | Palisade Wall |
| 14:52 | Queue | Villager (Male) |
| 14:54 | Build | House |
| 14:57 | Build | Palisade Wall |
| 14:58 | Queue | Skirmisher |
| 15:04 | Build | Blacksmith |
| 15:19 | Build | Watch Tower |
| 15:25 | Queue | Skirmisher |
| 15:30 | Queue | Villager (Male) |
| 15:32 | Build | House |
| 15:33 | Build | House |
| 15:37 | Build | House |
| 15:51 | Build | Farm |
| 16:05 | Build | Farm |
| 16:09 | Queue | Villager (Male) |
| 16:10 | Build | Farm |
| 16:13 | Queue | Skirmisher |
| 16:14 | Research | Fletching |
| 16:15 | Research | Fletching |
| 16:21 | Queue | Skirmisher |
| 16:26 | Build | House |
| 16:34 | Build | Farm |
| 16:35 | Queue | Villager (Male) |
| 16:59 | Build | Farm |
| 17:00 | Queue | Villager (Male) |
| 17:07 | Queue | Skirmisher |
| 17:19 | Build | Farm |
| 17:22 | Build | Farm |
| 17:37 | Research | Castle Age |
| 17:54 | Queue | Skirmisher |
| 18:04 | Build | Palisade Gate |
| 18:07 | Build | Palisade Gate |
| 18:25 | Queue | Skirmisher |
| 18:28 | Queue | Spearman |
| 18:43 | Research | Gold Mining |
| 18:48 | Queue | Skirmisher |
| 19:04 | Queue | Villager (Male) |
| 19:13 | Age | Castle Age |
| 19:16 | Build | Town Center |
Build order — repard
129 actions detected in the replay
| 0:00 | Queue | Villager (Male) |
| 0:00 | Queue | Villager (Male) |
| 0:01 | Build | House |
| 0:02 | Build | House |
| 0:04 | Queue | Villager (Male) |
| 0:06 | Queue | Villager (Male) |
| 0:06 | Queue | Villager (Male) |
| 0:37 | Build | Mill |
| 1:32 | Queue | Villager (Male) |
| 1:55 | Queue | Villager (Male) |
| 2:24 | Queue | Villager (Male) |
| 2:25 | Queue | Villager (Male) |
| 2:57 | Build | House |
| 3:01 | Queue | Villager (Male) |
| 3:02 | Queue | Villager (Male) |
| 3:29 | Queue | Villager (Male) |
| 3:56 | Build | Lumber Camp |
| 4:06 | Queue | Villager (Male) |
| 4:06 | Queue | Villager (Male) |
| 4:32 | Queue | Villager (Male) |
| 4:32 | Queue | Villager (Male) |
| 4:33 | Queue | Villager (Male) |
| 4:33 | Queue | Villager (Male) |
| 4:58 | Research | Loom |
| 5:45 | Research | Loom |
| 6:03 | Research | Feudal Age |
| 6:03 | Research | Feudal Age |
| 6:22 | Build | Lumber Camp |
| 6:32 | Queue | Villager (Male) |
| 6:38 | Build | House |
| 7:44 | Build | Barracks |
| 7:47 | Queue | Villager (Male) |
| 8:12 | Build | Palisade Wall |
| 8:14 | Build | Palisade Wall |
| 8:16 | Build | Palisade Wall |
| 8:17 | Build | Palisade Wall |
| 8:23 | Build | Palisade Wall |
| 8:24 | Build | Palisade Wall |
| 8:25 | Age | Feudal Age |
| 8:29 | Research | Double-Bit Axe |
| 8:34 | Queue | Villager (Male) |
| 8:42 | Build | Archery Range |
| 8:44 | Build | Palisade Wall |
| 8:46 | Queue | Villager (Male) |
| 8:50 | Queue | Spearman |
| 9:11 | Queue | Villager (Male) |
| 9:23 | Queue | Archer |
| 9:26 | Queue | Villager (Male) |
| 9:31 | Build | House |
| 9:34 | Build | Farm |
| 9:45 | Queue | Skirmisher |
| 9:47 | Queue | Villager (Male) |
| 9:49 | Build | Farm |
| 10:14 | Queue | Skirmisher |
| 10:15 | Queue | Villager (Male) |
| 10:17 | Build | Farm |
| 10:23 | Build | House |
| 10:36 | Queue | Villager (Male) |
| 10:40 | Build | Mining Camp |
| 10:44 | Queue | Skirmisher |
| 10:58 | Build | House |
| 11:03 | Build | Palisade Wall |
| 11:04 | Queue | Villager (Male) |
| 11:16 | Queue | Skirmisher |
| 11:17 | Queue | Villager (Male) |
| 11:33 | Build | Farm |
| 11:37 | Queue | Skirmisher |
| 11:37 | Queue | Villager (Male) |
| 11:44 | Queue | Villager (Male) |
| 11:53 | Build | Farm |
| 12:00 | Queue | Skirmisher |
| 12:01 | Queue | Villager (Male) |
| 12:10 | Queue | Archer |
| 12:28 | Build | Palisade Wall |
| 12:30 | Queue | Villager (Male) |
| 12:32 | Queue | Villager (Male) |
| 12:33 | Build | Palisade Wall |
| 12:44 | Build | House |
| 12:46 | Queue | Skirmisher |
| 12:55 | Queue | Villager (Male) |
| 12:59 | Queue | Skirmisher |
| 13:01 | Queue | Villager (Male) |
| 13:11 | Queue | Villager (Male) |
| 13:13 | Build | Farm |
| 13:14 | Build | Farm |
| 13:31 | Queue | Villager (Male) |
| 13:39 | Queue | Skirmisher |
| 13:42 | Queue | Villager (Male) |
| 13:45 | Build | Blacksmith |
| 13:59 | Queue | Villager (Male) |
| 14:11 | Queue | Skirmisher |
| 14:22 | Build | Farm |
| 14:26 | Research | Fletching |
| 14:27 | Queue | Villager (Male) |
| 14:31 | Build | Farm |
| 14:40 | Research | Horse Collar |
| 14:52 | Queue | Villager (Male) |
| 14:55 | Queue | Skirmisher |
| 15:03 | Queue | Skirmisher |
| 15:07 | Queue | Villager (Male) |
| 15:08 | Build | House |
| 15:13 | Build | Farm |
| 15:23 | Queue | Skirmisher |
| 15:32 | Build | Farm |
| 15:52 | Build | Farm |
| 16:06 | Queue | Skirmisher |
| 16:07 | Queue | Villager (Male) |
| 16:08 | Build | Farm |
| 16:25 | Build | Farm |
| 16:36 | Build | Farm |
| 16:41 | Queue | Skirmisher |
| 16:41 | Queue | Villager (Male) |
| 16:52 | Queue | Skirmisher |
| 17:10 | Queue | Skirmisher |
| 17:12 | Queue | Villager (Male) |
| 17:28 | Queue | Villager (Male) |
| 18:03 | Research | Castle Age |
| 18:04 | Queue | Skirmisher |
| 18:18 | Queue | Skirmisher |
| 18:20 | Queue | Villager (Male) |
| 18:21 | Build | Stable |
| 18:29 | Queue | Skirmisher |
| 18:37 | Research | Double-Bit Axe |
| 18:40 | Queue | Villager (Male) |
| 18:42 | Build | Lumber Camp |
| 18:50 | Queue | Villager (Male) |
| 19:00 | Build | Farm |
| 19:04 | Queue | Skirmisher |
| 19:06 | Queue | Villager (Male) |
Match timeline
| 4:31 | TAG_Sitaux · first_building Barracks |
| 5:05 | TAG_Sitaux · wall_segment Palisade Wall x5 |
| 6:48 | TAG_Sitaux · wall_segment Palisade Wall x1 |
| 6:50 | TAG_Sitaux · wall_segment Palisade Wall x6 |
| 6:55 | TAG_Sitaux · wall_segment Palisade Wall x1 |
| 7:18 | TAG_Sitaux · wall_segment Palisade Wall x5 |
| 7:44 | repard · first_building Barracks |
| 8:12 | repard · wall_segment Palisade Wall x1 |
| 8:14 | repard · wall_segment Palisade Wall x1 |
| 8:16 | repard · wall_segment Palisade Wall x1 |
| 8:17 | repard · wall_segment Palisade Wall x1 |
| 8:23 | repard · wall_segment Palisade Wall x1 |
| 8:24 | repard · wall_segment Palisade Wall x1 |
| 8:25 | repard · age_up feudal |
| 8:42 | repard · first_building Archery Range |
| 8:44 | repard · wall_segment Palisade Wall x1 |
| 9:10 | TAG_Sitaux · wall_segment Palisade Wall x1 |
| 9:15 | TAG_Sitaux · wall_segment Palisade Wall x1 |
| 10:40 | TAG_Sitaux · age_up feudal |
| 10:41 | TAG_Sitaux · wall_segment Palisade Wall x1 |
| 11:03 | repard · wall_segment Palisade Wall x5 |
| 12:28 | repard · wall_segment Palisade Wall x1 |
| 12:33 | repard · wall_segment Palisade Wall x1 |
| 12:42 | TAG_Sitaux · first_building Archery Range |
| 14:45 | TAG_Sitaux · wall_segment Palisade Wall x1 |
| 14:57 | TAG_Sitaux · wall_segment Palisade Wall x1 |
| 18:21 | repard · first_building Stable |
| 19:13 | TAG_Sitaux · age_up castle |
| 19:21 | repard · resign |
[ AI ANALYSIS · 1 CREDIT ]
What really happened in this match?
Wolo.gg analyzes every decision: build order, eco, micro, common mistakes by bracket. Personalized analysis on WhatsApp or Discord in 30 seconds.
Civ guide
Malay
Perfil
Jugador #212721